 Dungeon Crawl Stone Soup version 0.28-a0-265-g048bc9fd10 (webtiles) character file.

Game seed: 1681720596459164787

823 wakim the Destroyer (level 7, -1/36 HPs)
             Began as a Deep Elf Conjurer on Aug 27, 2021.
             Shot with an arrow by a centaur (16 damage)
             ... on level 5 of the Dungeon.
             The game lasted 00:13:33 (6205 turns).

wakim the Destroyer (Deep Elf Conjurer)             Turns: 6205, Time: 00:13:33

Health: -1/36      AC:  3    Str:  6    XL:     7   Next: 64%
Magic:  13/15      EV: 11    Int: 23    God:
Gold:   127        SH:  0    Dex: 13    Spells: 6/14 levels left

rFire   . . .      SeeInvis +   a - +1 short sword (flame)
rCold   . . .      Faith    .   (no shield)
rNeg    . . .      Spirit   .   m - +0 leather armour {Will+}
rPois   .          Reflect  .   (no helmet)
rElec   .          Harm     .   (no cloak)
rCorr   .          Rampage  .   (no gloves)
Will    +....                   (no boots)
Stlth   ++........              (no amulet)
HPRegen 0.12/turn               g - ring of see invisible
MPRegen 0.14/turn               l - ring of flight

@: flying
A: no striking features
a: no special abilities


You were on level 5 of the Dungeon.
You visited 1 branch of the dungeon, and saw 5 of its levels.

You collected 127 gold pieces.

Inventory:

Hand Weapons
 a - a +1 short sword of flaming (weapon)
Armour
 b - a +0 pair of boots
 m - a +0 leather armour of willpower (worn)
Magical Staves
 d - a staff of earth
Jewellery
 g - a ring of see invisible (left hand)
 l - a ring of flight (right hand)
 n - a ring of protection from cold
Scrolls
 Y - a scroll of blinking {!r}
Potions
 e - a potion of brilliance {unknown}
 f - a potion of haste {unknown}
 h - 2 potions of magic {unknown}
 i - a potion of invisibility {unknown}
 j - a potion of berserk rage {unknown}
 k - a potion of degeneration {unknown}
 F - 2 potions of curing
 L - a potion of lignification {!q}


   Skills:
 - Level 2.4 Dodging
 - Level 2.4 Stealth
 - Level 4.0 Spellcasting
 + Level 8.2 Conjurations
 + Level 4.0 Fire Magic
 + Level 4.0 Earth Magic


You had 6 spell levels left.
You knew the following spells:

 Your Spells              Type           Power      Damage    Failure   Level
a - Magic Dart            Conj           100%       1d8       1%          1
b - Bolt of Magma         Conj/Fire/Erth 14%        4d8       43%         5
s - Searing Ray           Conj           84%        3d6       1%          2

Your spell library contained the following spells:

 Spells                   Type           Power      Damage    Failure   Level
 Foxfire                  Conj/Fire      100%       2x1d9     1%          1
 Conjure Flame            Conj/Fire      32%        6-21      4%          3
 Dazzling Flash           Conj/Hex       46%        N/A       9%          3
 Mephitic Cloud           Conj/Pois/Air  17%        N/A       16%         3
 Inner Flame              Hex/Fire       13%        N/A       22%         3
 Ignite Poison            Fire/Tmut/Pois 10%        N/A       28%         3
 Fulminant Prism          Conj/Hex       11%        3d9       30%         4
 Iskenderun's Mystic Bla  Conj/Tloc      23%        2d6       30%         4


Dungeon Overview and Level Annotations

Branches:
Dungeon (5/15)
 Temple: D:4-7

Altars:
Okawaru
Uskayaw

Shops:
D:3 !


Message History

The searing ray hits the gnoll!
You kill the gnoll!
Your Fire Magic skill increases to level 4!
There is a stone staircase leading up here.
You fly upwards.
There is a stone staircase leading down here.
You start resting.
Magic restored.
You see here 14 stones.
You see here a +0 whip.
There is a stone staircase leading down here.
You fly downwards.
There is a stone staircase leading up here.
Found 18 gold pieces.
You now have enough gold to buy a potion of haste on D:3.
You can access your shopping list by pressing '$'.
You now have 127 gold pieces (gained 18).
Found 13 gold pieces.
A centaur comes into view.
The centaur shouts!
The centaur wields a +0 shortbow.
The centaur shoots an arrow.
The arrow hits you.
You hear a shout!
You see here 13 gold pieces.
The centaur shoots an arrow.
The arrow closely misses you.
The centaur shoots an arrow.
The arrow hits you!
The centaur shoots an arrow.
The arrow hits you!
* * * LOW HITPOINT WARNING * * *
The centaur shoots an arrow.
The arrow barely misses you.
You are too injured to fight recklessly!
Casting: Searing Ray (safe; 1% risk of failure)
Confirm with . or Enter, or press ? or * to list all spells.
Aiming: Searing Ray (safe; 1% risk of failure)
Press: ? - help, Shift-Dir - straight line, f - centaur
Aim: a centaur, wielding a +0 shortbow and quivering arrows (89% to hit)
The searing ray hits the centaur!
The centaur is moderately wounded. (Press . to maintain the ray.)
The centaur shoots an arrow.
The arrow hits you!
You die...

g##.!......#.#
#.....#..#.#
.........g...รท###
...............?
..###c.###...#. ..
......###.###. ####
...##........# #.
...##
#......#.#$.#### .#
....## #.@.......#.##
.....# ####....#...#
.....# ##......##
.....# #.###....
....## #.# .#.#
.....# #.# # .
.....##############.#
....................#
....#################


You could see a centaur.

Vanquished Creatures
  A phantom (D:4)
  2 scorpions
  A water moccasin skeleton (D:4)
  A howler monkey (D:5)
  A hound (D:4)
  A bullfrog skeleton (D:5)
  A centaur skeleton (D:4)
  3 orc priests
  An iguana (D:4)
  An orc wizard (D:4)
  A hound skeleton (D:4)
  7 adders
  15 gnolls
  An adder skeleton (D:4)
  2 worms (D:2)
  A dart slug (D:2)
  5 orcs
  10 ball pythons
  7 bats
  5 endoplasms
  3 giant cockroaches
  8 goblins
  7 hobgoblins
  2 jackals (D:3)
  4 quokkas
  8 frilled lizards
  12 kobolds
  6 rats
117 creatures vanquished.

Notes
Turn   | Place    | Note
-------+----------+-------------------------------------------
     0 | D:1      | wakim the Deep Elf Conjurer began the quest for the Orb.
     0 | D:1      | Reached XP level 1. HP: 10/10 MP: 6/6
   425 | D:1      | Reached XP level 2. HP: 15/15 MP: 5/8
   428 | D:1      | Learned a level 2 spell: Searing Ray
   511 | D:1      | Found a faded altar of an unknown god.
   982 | D:2      | Reached skill level 5 in Conjurations
  1053 | D:2      | You fall into a shaft and drop 1 floor!
  1197 | D:2      | Reached XP level 3. HP: 19/19 MP: 7/10
  1664 | D:2      | Reached XP level 4. HP: 17/24 MP: 1/12
  1946 | D:2      | Reached skill level 6 in Conjurations
  2932 | D:3      | Reached XP level 5. HP: 28/28 MP: 10/13
  3082 | D:3      | Found a hide-covered altar of Uskayaw.
  3390 | D:3      | Reached skill level 7 in Conjurations
  3596 | D:3      | Found Duikheun's Distillery.
  4429 | D:4      | Reached XP level 6. HP: 28/32 MP: 8/14
  4489 | D:4      | Reached skill level 1 in Fire Magic
  4489 | D:4      | Reached skill level 1 in Earth Magic
  4642 | D:4      | Reached skill level 8 in Conjurations
  5074 | D:4      | Found an iron altar of Okawaru.
  5131 | D:4      | Reached XP level 7. HP: 35/36 MP: 9/15
  5803 | D:5      | Entered Level 5 of the Dungeon
  6043 | D:4      | Learned a level 5 spell: Bolt of Magma
  6205 | D:5      | Shot with an arrow by a centaur

Illustrated notes

Levels and vault maps discovered:
D:1:      lightli_arrival_isolated_outpost, layout_loops_ring,
          shapermc_ecumenical_altar_venn, minmay_tromino_v2
D:2:      layout_basic, minmay_misc_feat_nine_boxes, minmay_lizard_pond
D:3:      minmay_angry_zag, layout_basic, nicolae_uskayaw_suspiria,
          serial_shops, shop
D:4:      layout_loops_ring, mainiacjoe_overflow_surrounded_room
D:5:      layout_rooms, pdpol_wu_jian_five_deadly_venoms, uniq_pikel

Skill      XL: |  1  2  3  4  5  6  7 |
---------------+----------------------+-----
Conjurations   | 5 6 7 8 |  8.2
Spellcasting   | 4 |  4.0
Fire Magic     | 2 4 |  4.0
Earth Magic    | 2 4 |  4.0
Dodging        | |  2.4
Stealth        | |  2.4

Action                   |  1- 3 |  4- 6 |  7- 9 || total
-------------------------+-------+-------+-------++-------
Melee: Short sword       |     2 |     2 |       ||     4
 Cast: Magic Dart        |    15 |       |       ||    15
       Searing Ray       |    22 |    51 |    18 ||    91
  Use: Scroll            |     2 |     4 |     2 ||     8
Armor: Leather armour    |       |     4 |     2 ||     6
Dodge: Dodged            |     5 |    10 |     6 ||    21

Table legend: (Time is in decaauts)
 A = Elapsed time spent in this place.
 B = Non-inter-level travel time spent in this place.
 C = Inter-level travel time spent in this place.
 D = Time resting spent in this place.
 E = Time spent auto-exploring this place.
 F = Levels seen in this place.
 G = Mean time per level.
                   A        B        C        D        E       F      G
               +--------+--------+--------+--------+--------+-----+--------+
         Total |   6216 |   5888 |    328 |    376 |   4783 |   5 | 1243.2 |
       Dungeon |   6216 |   5888 |    328 |    376 |   4783 |   5 | 1243.2 |
               +--------+--------+--------+--------+--------+-----+--------+

Top non-repeatable levels by time:
     D:3: 1904 daAuts
     D:4: 1661 daAuts
     D:2: 1422 daAuts
     D:1: 1105 daAuts
     D:5: 122 daAuts
